 Dungeon Crawl Stone Soup version 0.21-a0-504-g2eda330 (webtiles) character file.

64 slep the Poker (level 3, 0/29 HPs)
             Began as a Demonspawn Monk on Nov 26, 2017.
             Was a Believer of Okawaru.
             Slain by a worm (4 damage)
             ... on level 2 of the Dungeon.
             The game lasted 00:04:23 (853 turns).

slep the Poker (Demonspawn Monk)                     Turns: 853, Time: 00:04:23

Health: 0/29       AC:  5    Str: 10 (11) XL:     3   Next: 91%
Magic:  3/3        EV: 11    Int:  8 (11) God:    Okawaru [**....]
Gold:   27         SH:  0    Dex: 13 (16) Spells: 2/2 levels left

rFire    . . .     SeeInvis .   a - +0 spear
rCold    . . .     Gourm    .   (no shield)
rNeg     . . .     Faith    .   d - +0 ring mail
rPois    .         Spirit   .   (no helmet)
rElec    .         Reflect  .   (no cloak)
rCorr    .         Harm     .   (no gloves)
MR       .....                  (no boots)
Stlth    ..........             (no amulet)
HPRegen  0.09/turn              g - ring of loudness (curse)
MPRegen  0.08/turn              (no ring)

@: flying, hasted, very quick
A: hooves 1
a: Heroism, Renounce Religion


You were on level 2 of the Dungeon.
You worshipped Okawaru.
Okawaru was pleased with you.
You were not hungry.

You visited 1 branch of the dungeon, and saw 2 of its levels.

You collected 27 gold pieces.

Inventory:

Hand Weapons
 a - a +0 spear (weapon)
Armour
 b - a +0 robe
 d - a +0 ring mail (worn)
Jewellery
 g - a cursed ring of loudness (left hand)
Scrolls
 e - a scroll of fog {unknown}
Comestibles
 c - 2 bread rations


   Skills:
 + Level 3.3 Fighting
 + Level 3.5 Polearms
 + Level 0.8 Armour
 + Level 3.2 Dodging
 + Level 1.9 Stealth


You had 2 spell levels left.
You didn't know any spells.

Dungeon Overview and Level Annotations

Branches:
Dungeon (2/15)

Altars:
Fedhas
Okawaru


Innate Abilities, Weirdness & Mutations

You have large cloven feet.


Message History

The adder is heavily wounded.
The adder closely misses you.
You hit the adder. Your kick misses the adder.
The adder is severely wounded.
You hit the adder.
You kill the adder!
Okawaru accepts your kill.
Attack whom?
Press: ? - help, Dir - move target cursor, f - worm
Aim: a worm You reach to attack!
You hit the worm.
The worm is heavily wounded.
You barely miss the worm.
The worm is moderately wounded.
You completely miss the worm.
The worm is moderately wounded.
You hit the worm. You kick the worm.
The worm is severely wounded.
The worm bites you.
You die...

##### #...# #...#
#...#
#...###############
#..................
#.@................
##w##########....#.
#######w# #......
#.......#
#######.♣.
#.......#
#.........
#.......#
#.##....♣.
#.......# #......
..........#
#.......#.
PP........#
####......


You could see 2 worms.

Vanquished Creatures
  2 adders (D:2)
  An ooze (D:1)
  A worm (D:1)
  A dart slug (D:1)
  A leopard gecko (D:1)
  2 giant cockroaches (D:1)
  3 goblins
  6 hobgoblins (D:1)
  4 jackals (D:2)
  2 bats (D:2)
  6 kobolds
  4 rats
33 creatures vanquished.

Notes
Turn   | Place    | Note
-------+----------+-------------------------------------------
     0 | D:1      | slep the Demonspawn Monk began the quest for the Orb.
     0 | D:1      | Reached XP level 1. HP: 18/18 MP: 1/1
   143 | D:1      | Gained mutation: You have large cloven feet. [demonic ancestry]
   143 | D:1      | Reached XP level 2. HP: 8/24 MP: 2/2
   226 | D:1      | HP: 1/24 [kobold (3)]
   631 | D:1      | Reached XP level 3. HP: 25/29 MP: 3/3
   749 | D:2      | Found an iron altar of Okawaru.
   759 | D:2      | Became a worshipper of Warmaster Okawaru
   759 | D:2      | Reached * piety under Okawaru
   759 | D:2      | Reached ** piety under Okawaru
   800 | D:2      | Found a blossoming altar of Fedhas.
   853 | D:2      | Slain by a worm

Vault maps used:
D:1:      mrwooster_arrival_statue_2, minmay_pentomino_w2
D:2:      lemuel_crystal_altar, okawaru_trees_1, fedhas_altar_3, st_stairs_1,
          minmay_shallow_snake_nest, uniq_crazy_yiuf_cottage

Skill      XL: |  1  2 |
---------------+-------+-----
Dodging        | 3 |  3.2
Polearms       | 3 |  3.5
Fighting       | |  3.3
Armour         | |  0.8
Stealth        | |  1.9

Action                   || total
-------------------------++-------
Melee: Spear             ||   143
       Kick              ||    24
  Use: Potion            ||     3
Armor: Ring mail         ||    42
       Robe              ||     2
Dodge: Dodged            ||    98

Table legend:
 A = Spawn XP
 B = Non-spawn XP
 C = Spawn XP percentage of total XP
 D = Spawn monster count
 E = Non-spawn monster count
 F = Spawn count percentage of total count
 G = Total turns spent on level
                    A         B        C        D         E        F      G
               +---------+---------+-------+---------+---------+-------+---------
         Total |       0 |      92 |   0.0 |       0 |      33 |   0.0 |   853
               +---------+---------+-------+---------+---------+-------+---------
           D:1 |       0 |      47 |   0.0 |       0 |      20 |   0.0 |   739
           D:2 |       0 |      45 |   0.0 |       0 |      13 |   0.0 |   114
               +---------+---------+-------+---------+---------+-------+---------
